 Dungeon Crawl Stone Soup version 0.30.1-3-gfc49f6343a (webtiles) character file.

Game seed: 8854556670288231955

6258 sampeng1 the Cleaver (level 10, -4/94 HPs)
             Began as a Minotaur Berserker on June 19, 2023.
             Was a High Priest of Trog.
             Killed from afar by a rakshasa (7 damage)
             ... with a lance of force
             ... on level 9 of the Dungeon on July 20, 2023.
             The game lasted 00:25:11 (6755 turns).

sampeng1 the Cleaver (Minotaur Berserker)           Turns: 6755, Time: 00:25:11

Health: -4/94      AC: 19    Str: 29    XL:     10   Next: 62%
Magic:  9/9        EV: 20    Int:  3    God:    Trog [*****.]
Gold:   381        SH:  0    Dex: 13    Spells: 9/9 levels left

rFire   + + +        C - +1 broad axe
rCold   x . .        (no shield)
rNeg    . . .        i - +3 ring mail "Wuda" {rF++ Will+ Dex+3 Stlth-}
rPois   +            p - +1 hat
rElec   .            l - +2 cloak
rCorr   .            a - +2 pair of gloves
SInv    .            s - +0 pair of boots
Will    +....        (no amulet) Stlth
                     n - +5 ring of evasion
HPRegen 0.35/turn    v - ring of fire
MPRegen 0.11/turn

%: no passive effects
@: no status effects
A: horns 2, retaliatory headbutt, poison resistance, strong 1
a: Renounce Religion, Berserk, Trog's Hand, Brothers in Arms


You were on level 9 of the Dungeon.
You worshipped Trog.
Trog was extremely pleased with you.
You visited 1 branch of the dungeon, and saw 9 of its levels.

You collected 524 gold pieces.
You spent 143 gold pieces at shops.

Inventory:

Hand Weapons
 C - a +1 broad axe (weapon)
Missiles
 m - a throwing net (quivered)
Armour
 a - a +2 pair of gloves (worn)
 i - the +3 ring mail "Wuda" (worn) {rF++ Will+ Dex+3 Stlth-}
   (You took it off a hobgoblin on level 3 of the Dungeon)

   Dex:       It affects your dexterity (+3).
   rF:        It greatly protects you from fire.
   Will:      It increases your willpower.
   Stlth:     It makes you less stealthy.
 l - a +2 cloak (worn)
 p - a +1 hat (worn)
 s - a +0 pair of boots (worn)
 F - a +0 chain mail
Jewellery
 n - a +5 ring of evasion (left hand)
 v - a ring of fire (right hand)
 E - a ring of fire
Wands
 e - a wand of roots (8)
 h - a wand of flame (50)
 o - a wand of mindburst (10)
Scrolls
 q - 3 scrolls of teleportation
 w - a scroll of magic mapping
 B - 2 scrolls of fog
Potions
 b - a potion of heal wounds
 c - 5 potions of brilliance
 d - a potion of ambrosia
 f - a potion of haste
 g - 3 potions of curing
 j - 2 potions of magic
 k - 2 potions of lignification
 r - a potion of mutation
 t - a potion of invisibility
 u - 3 potions of degeneration
 x - a potion of flight
 z - 2 potions of might


   Skills:
 + Level 10.3 Fighting
 + Level 10.4 Axes
 + Level 10.0 Armour
 + Level 9.1 Dodging


You had 9 spell levels left.
You didn't know any spells.
Your spell library was empty.

Dungeon Overview and Level Annotations

Branches:
Dungeon (9/15)             Temple (0/1) D:5
   Lair: D:8-11         Orc: D:9-12

Altars:
Gozag
Makhleb

Shops:
D:6 !

Portals:
Abyss: D:5


Innate Abilities, Weirdness & Mutations

You have a pair of horns on your head.
You reflexively headbutt those who attack you in melee.
Your system is resistant to poisons. (rPois)
Your muscles are strong. (Str +4, Int/Dex -1)


Message History

The centaur wields a +1 shortbow of freezing.
It is covered in frost.
The centaur shoots an arrow.
The arrow closely misses you. The rakshasa gestures at you.
The lance of force misses you.
The centaur shoots an arrow.
The arrow hits you. The arrow freezes you. The rakshasa misses you.
You furiously retaliate!
You headbutt the rakshasa. The rakshasa misses you.
You see here a +0 shortbow.
You closely miss the rakshasa.
The rakshasa is almost dead.
You barely miss the rakshasa.
The centaur shoots an arrow.
The arrow hits you. The arrow freezes you.
The rakshasa weaves an illusion.
The centaur shimmers and seems to become two!
The rakshasa barely misses you.
The rakshasa hits you but does no damage.
The centaur shoots an arrow.
The arrow misses you.
You closely miss the rakshasa.
The rakshasa is almost dead.
You hit the rakshasa but do no damage.
The centaur shoots an arrow.
The arrow barely misses you.
The centaur shoots an arrow.
The arrow completely misses you.
The rakshasa weaves an illusion.
The two-headed ogre shimmers and seems to become two!
The rakshasa hits you with a +0 trident!
* * * LOW HITPOINT WARNING * * *
The rakshasa hits you with a +0 trident!
* * * LOW HITPOINT WARNING * * *
The centaur shoots an arrow.
The arrow misses you.
You slash the rakshasa!
You kill the rakshasa!
The rakshasa shimmers and vanishes!
You barely miss the rakshasa.
The centaur shoots an arrow.
The arrow hits you.
* * * LOW HITPOINT WARNING * * *
The arrow freezes you.
* * * LOW HITPOINT WARNING * * *
The rakshasa gestures at you. The lance of force hits you!
You die...

#.......#
#..#........
#.......#
#..#.......)
#.cc....#
#..#..####..
#.......# #..#..#
#.. .##.....O.#
#..#..# #..
..........# #.....#
#[. .......O..#
#.....# #.)
.###.R....###.###.#
#). #...@R.....#
#.# #..
#......†...# #.#
#.. #.......#..# .#
#.. #.......#..# .#
#.. #.......#..# .#
#.. #..<....#..#
#.. #.......#..#
#.. #.......#..#
... #..###..# ....


You could see 2 rakshasas, 2 two-headed ogres and 2 centaurs.

Vanquished Creatures
  Gastronok (D:9)
  The ghost of booth the Conjurer, a novice DsRe (D:5)
  Maggie (D:7)
  An ancient zyme (D:5)
  Grinder (D:3)
  A wyvern (D:9)
  A steam dragon (D:7)
  Duvessa (D:6)
  An acid dragon (D:9)
  2 water moccasins
  2 orc warriors
  3 ice beasts
  An ogre (D:4)
  4 centaurs
  2 phantoms
  A kobold brigand (D:6)
  4 bullfrogs
  A gnoll sergeant (D:5)
  3 scorpions
  2 small abominations (D:5)
  12 wights
  Dowan (D:6)
  6 killer bees
  3 electric eels
  3 howler monkeys (D:7)
  2 hounds
  A jelly (D:4)
  4 orc priests
  Crazy Yiuf (D:3)
  An iguana (D:4)
  A gnoll bouda (D:7)
  6 orc wizards
  2 sleepcaps
  11 gnolls
  5 adders
  3 shadow imps
  A white imp (D:5)
  4 ufetubi
  A worm (D:2)
  3 dart slugs
  26 orcs
  3 endoplasms
  2 giant cockroaches
  7 goblins
  8 hobgoblins
  14 kobolds
  2 quokkas
  3 ball pythons (D:4)
  5 bats
  4 frilled lizards
  A rat (D:3)
180 creatures vanquished.

Notes
Turn   | Place    | Note
-------+----------+-------------------------------------------
     0 | D:1      | sampeng1 the Minotaur Berserker began the quest for the
                  | Orb.
     0 | D:1      | Reached XP level 1. HP: 19/19 MP: 0/0
    52 | D:1      | Found a faded altar of an unknown god.
   233 | D:1      | Reached XP level 2. HP: 27/27 MP: 1/1
  1081 | D:2      | Reached XP level 3. HP: 23/33 MP: 2/2
  1089 | D:2      | Reached ** piety under Trog
  1374 | D:3      | Reached XP level 4. HP: 41/41 MP: 3/3
  1512 | D:3      | Gained mutation: You occasionally lose the ability to drink
                  | potions when taking damage. [potion of mutation]
  1512 | D:3      | Gained mutation: You expend magic power (3 MP) to
                  | strengthen your wands. [potion of mutation]
  1512 | D:3      | Gained mutation: Your system is resistant to poisons.
                  | (rPois) [potion of mutation]
  1576 | D:3      | Noticed Grinder
  1577 | D:3      | Paralysed by Grinder for 4 turns
  1588 | D:3      | Killed Grinder
  1589 | D:3      | Reached skill level 5 in Fighting
  1589 | D:3      | Reached skill level 5 in Axes
  1589 | D:3      | Reached XP level 5. HP: 34/48 MP: 4/4
  1593 | D:3      | Reached XP level 6. HP: 41/56 MP: 5/5
  1954 | D:3      | Identified the +3 ring mail "Wuda" {rF++ Will+ Dex+3
                  | Stlth-}
  2135 | D:3      | Found a runed translucent door.
  2136 | D:3      | Noticed Crazy Yiuf
  2142 | D:3      | Killed Crazy Yiuf
  2293 | D:4      | Found a burning altar of Makhleb.
  2319 | D:4      | Reached skill level 5 in Armour
  2418 | D:4      | Lost mutation: You expend magic power (3 MP) to strengthen
                  | your wands. [potion of mutation]
  2418 | D:4      | Lost mutation: You occasionally lose the ability to drink
                  | potions when taking damage. [potion of mutation]
  2418 | D:4      | Gained mutation: Your muscles are strong. (Str +4, Int/Dex
                  | -1) [potion of mutation]
  2467 | D:4      | Reached XP level 7. HP: 55/62 MP: 6/6
  2863 | D:5      | Entered Level 5 of the Dungeon
  2970 | D:5      | Reached *** piety under Trog
  2985 | D:5      | Found a transporter.
  2991 | D:5      | Found a transporter.
  3009 | D:5      | Noticed an ancient zyme
  3010 | D:5      | Noticed booth's ghost (novice DsRe)
  3060 | D:5      | Reached skill level 5 in Dodging
  3291 | D:5      | Reached XP level 8. HP: 71/71 MP: 7/7
  3421 | D:5      | Found a staircase to the Ecumenical Temple.
  3484 | D:5      | Found a one-way gate to the infinite horrors of the Abyss.
  3517 | D:5      | Killed an ancient zyme
  3532 | D:5      | Killed booth's ghost
  3631 | D:5      | Upgraded the game from 0.30.0-29-ga12c61a403 to
                  | 0.30.1-3-gfc49f6343a
  3792 | D:6      | Noticed Duvessa
  3795 | D:6      | Noticed Dowan
  3802 | D:6      | Killed Duvessa
  3803 | D:6      | Reached XP level 9. HP: 81/81 MP: 8/8
  3821 | D:6      | Killed Dowan
  3992 | D:6      | Reached **** piety under Trog
  4064 | D:6      | Found Ykiam's Distillery.
  4078 | D:6      | Bought 2 potions of might for 88 gold pieces
  4078 | D:6      | Bought a potion of heal wounds for 55 gold pieces
  4691 | D:7      | Found an opulent altar of Gozag.
  4698 | D:7      | Noticed Maggie
  4714 | D:7      | Killed Maggie
  5830 | D:8      | Reached XP level 10. HP: 91/91 MP: 9/9
  5833 | D:8      | Reached ***** piety under Trog
  6441 | D:9      | Noticed Gastronok
  6455 | D:9      | Killed Gastronok
  6456 | D:9      | Reached skill level 10 in Fighting
  6456 | D:9      | Reached skill level 10 in Axes
  6520 | D:9      | HP: 4/90 [wight/+3 trident (5)]
  6735 | D:9      | Noticed a rakshasa
  6740 | D:9      | Reached skill level 10 in Armour
  6749 | D:9      | Noticed a two-headed ogre
  6755 | D:9      | HP: 4/94 [centaur/arrow (6)]
  6755 | D:9      | Killed from afar by a rakshasa

Illustrated notes

Levels and vault maps discovered:
D:1:      shiori_arrival_oz, layout_basic, basic_ecumenical_altar,
          serial_corexii_hall, corexii_hall_statues_t,
          chequers_hall_statues_wall_a, chequers_hall_statues_corner_a
D:2:      layout_basic
D:3:      layout_basic, uniq_crazy_yiuf_cottage, uniq_grinder
D:4:      layout_cave_pools, mainiacjoe_overflow_concentric_impassable
D:5:      layout_loops_ring, minmay_temple_entry_hall,
          gammafunk_ghost_abyssal_escape
D:6:      layout_loops_cross, serial_shops, nicolae_shop_peninsula, uniq_duvessa
D:7:      layout_basic, mainiacjoe_overflow_paths, serial_bayou_pond_b,
          uniq_maggie
D:8:      layout_basic
D:9:      layout_long_grid, trog_hazing_becter, orc_0_dummy, uniq_gastronok

Skill      XL: |  1  2  3  4  5  6  7  8  9 10 |
---------------+-------------------------------+-----
Fighting       | 4 5 6 7 9 10 | 10.3
Axes           | 4 5 6 8 9 10 | 10.4
Armour         | 3 4 5 6 7 9 10 | 10.0
Dodging        | 3 4 5 6 8 9 |  9.1

Action                     |  1- 3 |  4- 6 |  7- 9 | 10-12 || total
---------------------------+-------+-------+-------+-------++-------
  Melee: Hand axe          |    16 |       |       |       ||    16
         Headbutt          |     3 |    12 |    54 |     7 ||    76
         War axe           |    41 |    64 |   178 |       ||   283
         Punch             |     2 |     2 |     6 |     1 ||    11
         Broad axe         |       |       |    46 |    64 ||   110
 Invoke: Berserk           |       |     2 |     3 |     1 ||     6
    Use: Scroll            |       |    13 |     1 |     6 ||    20
         Potion            |       |     5 |       |     2 ||     7
 Armour: Ring mail         |    38 |    22 |    65 |    24 ||   149
  Dodge: Dodged            |    42 |    46 |   193 |    89 ||   370
